 Dungeon Crawl Stone Soup version 0.20.1-1-g8b1a95d (webtiles) character file.

364 Chaoticas the Carver (level 6, -3/51 HPs)
             Began as a Minotaur Fighter on July 16, 2017.
             Slain by an ogre
             ... wielding a +0 giant spiked club
              (7 damage)
             ... on level 4 of the Dungeon.
             The game lasted 00:06:33 (2887 turns).

Chaoticas the Carver (Minotaur Fighter)             Turns: 2887, Time: 00:06:33

Health: -3/51      AC:  9    Str: 22    XL:     6   Next: 39%
Magic:  5/5        EV:  5    Int:  6    God:
Gold:   147        SH:  9    Dex:  9    Spells: 5/5 levels left

rFire    . . .     SeeInvis .   a - +0 long sword
rCold    . . .     Gourm    .   c - +0 shield
rNeg     . . .     Faith    .   s - +0 chain mail
rPois    .         Spirit   .   (helmet restricted)
rElec    .         Reflect  .   (no cloak)
rCorr    .         Harm     .   (no gloves)
MR       .....                  (no boots)
Stlth    ..........             (no amulet)
Regen    0.2/turn               (no ring)
MPRegen  0.1/turn               (no ring)

@: drained
A: retaliatory headbutt, horns 2
a: no special abilities


You were on level 4 of the Dungeon.
You were not hungry.

You visited 1 branch of the dungeon, and saw 4 of its levels.

You collected 147 gold pieces.

Inventory:

Hand Weapons
 a - a +0 long sword (weapon)
Missiles
 i - 5 tomahawks (quivered)
Armour
 c - a +0 shield (worn)
 s - a +0 chain mail (worn)
   (You found it on level 2 of the Dungeon)
Jewellery
 b - a +5 ring of evasion {unknown}
   (You found it on level 3 of the Dungeon)
Scrolls
 e - 2 scrolls of identify {unknown}
 n - a scroll of magic mapping {unknown}
 p - a scroll of enchant armour {unknown}
 u - 2 scrolls of teleportation {unknown}
Potions
 d - a potion of might
 g - 5 potions of agility {unknown}
 m - a potion of berserk rage {unknown}
 o - 2 potions of curing {unknown}
 r - a potion of haste {unknown}
 t - 2 potions of heal wounds {unknown}
Comestibles
 f - 3 bread rations
 h - a chunk of flesh
 j - 4 meat rations
 k - 4 fruits
 l - 2 royal jellies


   Skills:
 - Level 3.6(2.8) Fighting
 * Level 8.3(7.3) Long Blades
 - Level 3.6(2.8) Armour
 - Level 3.6(2.8) Shields


You had 5 spell levels left.
You didn't know any spells.

Dungeon Overview and Level Annotations

Branches:
Dungeon (4/15)
 Temple: D:4-7

Altars:
Nemelex Xobeh


Innate Abilities, Weirdness & Mutations

You reflexively headbutt those who attack you in melee.
You have a pair of horns on your head.


Message History

The orc is severely wounded.
The orc hits you but does no damage.
An ogre comes into view. It is wielding a giant spiked club.
The ogre shouts!
You slash the orc!
You kill the orc!
The orc wizard gestures at you while chanting.
You are confused.
The orc wizard hits you but does no damage.
You feel drained.
You see here a whip.
You slash the orc wizard!
The orc wizard is severely wounded.
The orc wizard hits you with a dagger of draining.
You feel drained.
You hit the orc wizard. Your headbutt misses the orc wizard.
The orc wizard is almost dead.
The orc wizard hits you but does no damage.
You feel drained.
The orc wizard hits you but does no damage.
You feel drained.
You barely miss the orc wizard.
The orc wizard is almost dead.
The orc wizard casts a spell at you. The puff of flame hits you!
You closely miss the orc wizard.
The orc wizard is almost dead.
You feel less confused. You block the orc wizard's attack.
Your shield prevents you from hitting the orc wizard.
You headbutt the orc wizard.
You kill the orc wizard!
Your shield and chain mail prevent you from hitting the orc.
The orc hits you but does no damage.
You closely miss the orc. You block the orc's attack.
Your shield prevents you from hitting the orc.
Your headbutt misses the orc. You block the orc's attack.
You hit the orc.
You kill the orc!
Your shield and chain mail prevent you from hitting the ogre.
The ogre hits you with a giant spiked club!!
* * * LOW HITPOINT WARNING * * *
You closely miss the ogre. You headbutt the ogre!
The ogre is heavily wounded.
The ogre hits you with a giant spiked club!!
* * * LOW HITPOINT WARNING * * *
As you read the scroll labeled DOAVVEMMUPSU, it crumbles to dust.
You feel blessed for a moment.
It was a scroll of remove curse.
The ogre hits you with a giant spiked club!
You die...

#####################
......))......oO@...#######
#.....############........#
#!....# #...............#
#...... #...............#
#....... #...............#
......... #.....[.........#
..........................###
..........####.###..........##
.........<. .......>#######..#


You could see an ogre and an orc.

Vanquished Creatures
  2 orc wizards
  3 orc priests (D:3)
  Jessica (D:3)
  Natasha (D:3)
  Robin (D:3)
  5 adders
  4 worms
  3 dart slugs (D:1)
  A leopard gecko (D:3)
  11 orcs
  9 bats
  A giant cockroach (D:2)
  13 goblins
  13 hobgoblins
  2 jackals (D:2)
  7 kobolds
  A quokka (D:3)
  A ball python (D:2)
  4 frilled lizards
  A quokka skeleton (D:3)
  8 rats
92 creatures vanquished.

Notes
Turn   | Place    | Note
-------+----------+-------------------------------------------
     0 | D:1      | Chaoticas the Minotaur Fighter began the quest for the Orb.
     0 | D:1      | Reached XP level 1. HP: 19/19 MP: 0/0
    79 | D:1      | Reached skill level 3 in Long Blades
    84 | D:1      | Reached XP level 2. HP: 23/26 MP: 1/1
   116 | D:1      | HP: 13/26 [hobgoblin (1)]
   312 | D:1      | Reached skill level 4 in Long Blades
   442 | D:1      | Reached XP level 3. HP: 29/31 MP: 2/2
   825 | D:2      | Found a sparkling altar of Nemelex Xobeh.
  1337 | D:3      | Noticed Jessica
  1344 | D:3      | Reached skill level 5 in Long Blades
  1351 | D:3      | Killed Jessica
  1351 | D:3      | Reached XP level 4. HP: 39/39 MP: 3/3
  1535 | D:3      | Reached skill level 6 in Long Blades
  1566 | D:3      | Noticed Natasha
  1569 | D:3      | Noticed Robin
  1592 | D:3      | HP: 19/39 [goblin[Robin] (1)]
  1606 | D:3      | HP: 11/39 [goblin/stone[Robin] (2)]
  1613 | D:3      | HP: 10/39 [crimson imp[Natasha] (2)]
  1619 | D:3      | Killed Natasha
  1619 | D:3      | Reached XP level 5. HP: 10/45 MP: 4/4
  1640 | D:3      | Killed Robin
  2195 | D:3      | Reached skill level 7 in Long Blades
  2251 | D:3      | Reached XP level 6. HP: 47/51 MP: 5/5
  2311 | D:3      | Reached skill level 8 in Long Blades
  2876 | D:4      | HP: 21/51 [ogre/giant spiked club (22)]
  2877 | D:4      | HP: 2/51 [ogre/giant spiked club (19)]
  2887 | D:4      | Slain by an ogre

Skill      XL: |  1  2  3  4  5  6 |
---------------+-------------------+-----
Long Blades    | 3 4 5 6 7 8 |  8.3
Fighting       | |  3.6
Armour         | |  3.6
Shields        | |  3.6

Action                   |  1- 3 |  4- 6 || total
-------------------------+-------+-------++-------
Melee: Long sword        |   102 |   149 ||   251
       Headbutt          |    12 |    25 ||    37
       Unarmed           |       |    16 ||    16
  Use: Scroll            |       |     3 ||     3
  Eat: Chunk             |     1 |     5 ||     6
       Fruit             |       |     1 ||     1
Armor: Scale mail        |    44 |       ||    44
       Chain mail        |     8 |    91 ||    99
       Skin              |       |    14 ||    14
Dodge: Dodged            |    20 |    65 ||    85
Block: Shield            |    48 |    90 ||   138
       Rpst.: Long sword |     5 |     5 ||    10
